 Dungeon Crawl Stone Soup version 0.27-a0-1200-g94dc6ad4cf (webtiles) character file.

Game seed: 11138697275226816535

998 raumwalross the Basher (level 8, -2/91 HPs)
             Began as a Minotaur Fighter on May 30, 2021.
             Slain by Pikel
             ... wielding a +2 whip of electrocution
              (9 damage)
             ... on level 4 of the Dungeon.
             The game lasted 00:14:36 (5692 turns).

raumwalross the Basher (Minotaur Fighter)           Turns: 5692, Time: 00:14:37

Health: -2/91      AC: 24    Str: 23    XL:     8   Next: 0%
Magic:  7/7        EV:  2    Int:  5    God:
Gold:   168        SH: 15    Dex: 10    Spells: 7/7 levels left

rFire    . . .     SeeInvis +   a - +0 flail
rCold    . . .     Faith    .   v - +0 tower shield
rNeg     + + +     Spirit   .   (armour currently unavailable)
rPois    +         Reflect  .   (helmet currently unavailable)
rElec    .         Harm     .   (cloak currently unavailable)
rCorr    .         Rampage  .   (gloves currently unavailable)
Will     .....     NoTele   +   (boots currently unavailable)
Stlth    +.........             (no amulet)
HPRegen  0.25/turn              u - ring of see invisible
MPRegen  0.10/turn              (no ring)

@: mighty, tree-form
A: stationary, stasis, torment immunity, boosted hp, (horns 2), (retaliatory
headbutt), frail 1, (electricity resistance), (sturdy frame 1)
a: no special abilities


You were on level 4 of the Dungeon.
You were a tree.
You visited 1 branch of the dungeon, and saw 5 of its levels.

You collected 168 gold pieces.

Inventory:

Hand Weapons
 a - a +0 flail (weapon)
Missiles
 o - a throwing net (quivered)
Armour
 b - a +0 scale mail
 c - a +0 kite shield
 g - a +0 pair of gloves (melded)
 l - a +0 helmet
 v - a +0 tower shield (worn)
 w - a +1 plate armour (melded)
Jewellery
 j - a +6 ring of intelligence
 u - a ring of see invisible (left branch)
Scrolls
 m - a scroll of holy word
 s - a scroll of noise
 t - 2 scrolls of identify
Potions
 e - 2 potions of flight
 f - a potion of attraction
 i - a potion of cancellation
 n - a potion of brilliance {unknown}
 p - a potion of degeneration {unknown}
 q - a potion of curing
 r - a potion of mutation
Miscellaneous
 k - a piece from Xom's chessboard (15/15)


   Skills:
 - Level 5.0 Fighting
 + Level 9.5 Maces & Flails
 - Level 5.0 Armour
 - Level 5.0 Shields


You had 7 spell levels left.
You didn't know any spells.
Your spell library contained the following spells:

 Spells                   Type           Power      Damage    Failure   Level
 Corona                   Hex            0%         N/A       100%        1
 Slow                     Hex            0%         N/A       100%        2
 Inner Flame              Hex/Fire       0%         N/A       100%        3
 Portal Projectile        Hex/Tloc       0%         N/A       100%        3
 Cause Fear               Hex            0%         N/A       100%        4
 Leda's Liquefaction      Hex/Erth       0%         N/A       100%        4


Dungeon Overview and Level Annotations

Branches:
Dungeon (5/15)
 Temple: D:4-7

Altars:
Xom
Yredelemnul
The Shining One

Shops:
D:4 *((*   D:5 ?

Annotations:
D:4 Pikel


Innate Abilities, Weirdness & Mutations

You are a tree.
Your roots penetrate the ground, keeping you stationary.
You cannot be teleported.
You are immune to unholy pain and torment.
Your maximum health is greatly increased.
Your equipment is partially melded.
((You have a pair of horns on your head.))
((You reflexively headbutt those who attack you in melee.))
You are frail. (-10% HP)
((You are resistant to electric shocks. (rElec)))
((Your movements are slightly less encumbered by armour. (ER -2)))


Message History

You block Pikel's attack.
You have reached level 8!
You feel agile.
You closely miss Pikel. You block Pikel's attack.
You sock Pikel!
Pikel is moderately wounded.
Pikel barely misses you. You furiously retaliate!
You headbutt Pikel, but do no damage.
Pikel hits you with a +2 whip of electrocution.
You closely miss Pikel. Your headbutt misses Pikel.
Pikel is moderately wounded.
Pikel hits you with a +2 whip of electrocution!
You are electrocuted!!
* * * LOW HITPOINT WARNING * * *
You feel very mighty all of a sudden.
Pikel hits you with a +2 whip of electrocution!
* * * LOW HITPOINT WARNING * * *
You hit Pikel.
Pikel is moderately wounded.
You block Pikel's attack.
It was a potion of curing.
You feel better.
Pikel hits you with a +2 whip of electrocution!
* * * LOW HITPOINT WARNING * * *
You feel better. Pikel hits you but does no damage.
It was a potion of mutation.
You feel extremely strange.
You feel insulated.
You feel frail.
You feel less encumbered by your armour.
You block Pikel's attack.
Sorry, you're not good enough to have a special ability.
Really quaff the potion of lignification?
You turn into a tree.
Your +0 pair of gloves melds into your body.
Your +1 plate armour melds into your body.
Your roots penetrate the ground.
Pikel hits you with a +2 whip of electrocution!
* * * LOW HITPOINT WARNING * * *
You closely miss Pikel.
Pikel is moderately wounded.
Pikel hits you but does no damage. x2; You are electrocuted!
You die...

#.##.######.####...#.♣♣≈≈≈≈≈≈≈≈≈≈
#.##.# #..........≈♣≈≈≈≈≈≈≈≈≈≈
#.##.# #.########.≈♣≈≈≈≈≈≈≈≈≈≈
.....# #.# #.≈P≈≈≈≈≈≈≈≈≈≈ #.####
#.# #..♣♣≈≈≈≈≈≈≈≈≈ #.# #<#
#..≈♣P≈≈≈≈≈≈≈P
#.#########)########..♣≈≈≈♣≈P≈P≈≈
#................K....≈♣≈≈≈≈≈P≈≈≈
###########[###)♣.#####≈≈≈≈P≈≈P≈≈
##...## #.# #.#[# #♣≈≈P♣≈≈P≈≈
#.###.#####.# #.#.# #♣≈≈≈≈PP≈≈
..........#.# #.#.# #♣≈≈♣≈≈♣♣
#.###.###.#.# #.#.# #≈≈≈P≈≈♣
##...####.#.# #.#.# ##♣≈♣≈♣#
............# #.#.# #P≈≈#
............# #.#.# #####
#########)#.# #.#.#


You could see Pikel.

Vanquished Creatures
  A shadow (D:4)
  An orc warrior (D:3)
  A centaur (D:5)
  An ogre (D:4)
  2 lemures (D:4)
  A scorpion (D:4)
  A wyvern skeleton (D:5)
  A water moccasin skeleton (D:4)
  An orc priest (D:3)
  3 iguanas (D:5)
  4 orc wizards
  8 adders
  3 gnolls (D:2)
  A howler monkey skeleton (D:5)
  2 adder zombies (D:4)
  A worm (D:5)
  2 dart slugs (D:3)
  19 orcs
  8 ball pythons
  7 bats
  5 endoplasms
  5 giant cockroaches
  7 hobgoblins
  4 jackals (D:4)
  A quokka (D:2)
  3 frilled lizards
  7 goblins
  8 kobolds
  7 rats
115 creatures vanquished.

Notes
Turn   | Place    | Note
-------+----------+-------------------------------------------
     0 | D:1      | raumwalross the Minotaur Fighter began the quest for the
                  | Orb.
     0 | D:1      | Reached XP level 1. HP: 19/19 MP: 0/0
    95 | D:1      | Reached skill level 3 in Maces & Flails
   116 | D:1      | Reached XP level 2. HP: 18/26 MP: 1/1
   404 | D:1      | Reached skill level 4 in Maces & Flails
   925 | D:2      | Reached XP level 3. HP: 30/31 MP: 2/2
  1286 | D:2      | Reached skill level 5 in Maces & Flails
  1528 | D:2      | Reached XP level 4. HP: 17/39 MP: 3/3
  2134 | D:2      | Reached skill level 6 in Maces & Flails
  2474 | D:3      | Reached XP level 5. HP: 45/45 MP: 4/4
  2621 | D:3      | Found a faded altar of an unknown god.
  3015 | D:4      | Found a shimmering altar of Xom.
  3016 | D:4      | Noticed an ogre
  3024 | D:4      | Killed an ogre
  3025 | D:4      | Reached XP level 6. HP: 11/52 MP: 5/5
  3319 | D:4      | Found Hiukhu's Assorted Antiques.
  3349 | D:4      | Found Reahuth's Antique Weapon Emporium.
  3446 | D:4      | Noticed an orc warrior
  3664 | D:3      | Killed an orc warrior
  4067 | D:4      | Reached skill level 5 in Fighting
  4067 | D:4      | Reached skill level 5 in Armour
  4067 | D:4      | Reached skill level 5 in Shields
  4209 | D:4      | Found Dylatan's Antique Weapon Shop.
  4336 | D:4      | Found Vofamoax's General Store.
  4496 | D:4      | Reached skill level 7 in Maces & Flails
  4496 | D:4      | Reached XP level 7. HP: 54/61 MP: 6/6
  4700 | D:4      | Found a basalt altar of Yredelemnul.
  4817 | D:5      | Entered Level 5 of the Dungeon
  4817 | D:5      | Noticed a shadow
  4827 | D:4      | Killed a shadow
  4828 | D:4      | Reached skill level 8 in Maces & Flails
  5073 | D:5      | Reached skill level 9 in Maces & Flails
  5125 | D:5      | Found Vykhlovo's Magic Scroll Boutique.
  5174 | D:5      | Found a glowing golden altar of the Shining One.
  5202 | D:5      | Noticed Pikel
  5683 | D:4      | Reached XP level 8. HP: 38/68 MP: 7/7
  5686 | D:4      | HP: 1/68 [Pikel/+2 whip of electrocution (9)]
  5690 | D:4      | Gained mutation: You are resistant to electric shocks.
                  | (rElec) [potion of mutation]
  5690 | D:4      | Gained mutation: You are frail. (-10% HP) [potion of
                  | mutation]
  5690 | D:4      | Gained mutation: Your movements are slightly less
                  | encumbered by armour. (ER -2) [potion of mutation]
  5692 | D:4      | Slain by Pikel

Illustrated notes

Levels and vault maps discovered:
D:1:      psy_arrival_terrarium, layout_basic, chequers_serial_rivers_room_b
D:2:      layout_basic, kennysheep_generic_room_10
D:3:      layout_rooms, hellmonk_ecumenical_altar_crossroads
D:4:      layout_loops_ring, lemuel_zombie_altar_yredelemnul, xom_butterflies,
          serial_shops, shop, shop, shop,
          nicolae_shop_temple_entry_statues_fountains,
          chequers_hall_statues_wall_a, serial_bayou_lake_a
D:5:      layout_cave_pools, tso_metal_star, gammafunk_ghost_abyssal_escape,
          serial_shops, kennysheep_little_box, grunt_ministairs_7, uniq_pikel

Skill      XL: |  1  2  3  4  5  6  7 |
---------------+----------------------+-----
Maces & Flails | 3 4 5 6 7 9 |  9.5
Armour         | 4 5 |  5.0
Shields        | 4 5 |  5.0
Fighting       | 4 5 |  5.0

Action                   |  1- 3 |  4- 6 |  7- 9 || total
-------------------------+-------+-------+-------++-------
Melee: Flail             |   105 |   153 |   106 ||   364
       Headbutt          |    11 |    18 |    18 ||    47
  Use: Scroll            |     2 |     8 |     1 ||    11
       Potion            |       |       |     5 ||     5
Armor: Scale mail        |    62 |    40 |       ||   102
       Plate armour      |       |    26 |    80 ||   106
       Skin              |       |       |     2 ||     2
Dodge: Dodged            |    25 |    42 |    14 ||    81
Block: Kite shield       |    55 |    54 |       ||   109
       Tower shield      |       |    45 |   116 ||   161

Table legend: (Time is in decaauts)
 A = Elapsed time spent in this place.
 B = Non-inter-level travel time spent in this place.
 C = Inter-level travel time spent in this place.
 D = Time resting spent in this place.
 E = Time spent auto-exploring this place.
 F = Levels seen in this place.
 G = Mean time per level.
                   A        B        C        D        E       F      G
               +--------+--------+--------+--------+--------+-----+--------+
         Total |   5858 |   5725 |    133 |   2116 |   2602 |   5 | 1171.6 |
       Dungeon |   5858 |   5725 |    133 |   2116 |   2602 |   5 | 1171.6 |
               +--------+--------+--------+--------+--------+-----+--------+

Top non-repeatable levels by time:
     D:2: 1656 daAuts
     D:4: 1646 daAuts
     D:3: 1243 daAuts
     D:1: 848 daAuts
     D:5: 463 daAuts
